[Event "GambitGuide"]
[Site "Internet Chess Club"]
[Date "2014.10.30"]
[Round "1"]
[White "JSBach"]
[Black "cityprosecutor"]
[Result "1-0"]
[ICCResult "Black resigns"]
[WhiteElo "1651"]
[BlackElo "1472"]
[Opening "Vienna: `Frankenstein-Dracula' variation"]
[ECO "C27"]
[NIC "VG.02"]
[Time "17:34:47"]
[TimeControl "120+12"]

1. e4 e5 2. Nc3 Nf6 3. Bc4 Nxe4 4. Qh5 Nd6 5. Bb3 Nc6 6. Nb5 g6 7. Qf3 f5 8.
Qd5 Qe7 9. Nxc7+ Kd8 10. Nxa8 b6 11. Ba4 Bb7 12. Nxb6 axb6 13. Qb3 Kc7 14.
Ne2 Nd4 15. Nxd4 exd4+ 16. Kf1 Ba6+ 17. d3 Bg7 18. Bf4 Re8 19. Qb4 Qe2+ 20.
Kg1 Be5 21. Re1 Qxc2 22. Bxc2 {Black resigns} 1-0

[Event "GambitGuide"]
[Site "Internet Chess Club"]
[Date "2014.10.30"]
[Round "1"]
[White "JSBach"]
[Black "dnmuscg"]
[Result "1-0"]
[ICCResult "Black resigns"]
[WhiteElo "1651"]
[BlackElo "1659"]
[Opening "Vienna: `Frankenstein-Dracula' variation"]
[ECO "C27"]
[NIC "VG.02"]
[Time "17:35:21"]
[TimeControl "120+12"]

1. e4 e5 2. Nc3 Nf6 3. Bc4 Nxe4 4. Qh5 Nd6 5. Bb3 Nc6 6. Nb5 g6 7. Qf3 f5 8.
Qd5 Qe7 9. Nxc7+ Kd8 10. Nxa8 b6 11. Ba4 Bb7 12. Nxb6 axb6 13. Qb3 Kc7 14.
Ne2 Qg5 15. Qg3 Qxg3 16. Nxg3 b5 17. Bb3 f4 18. Nf1 e4 19. Bd5 Bg7 20. Rg1
Re8 21. Kd1 Nc4 22. Bxc4 bxc4 23. d3 cxd3 24. Bxf4+ d6 25. Rb1 dxc2+ 26.
Kxc2 Nb4+ 27. Kb3 Nd3 28. Be3 Bd5+ 29. Kc2 Bxa2 30. Ra1 Bd5 31. Ra7+ Kc6 32.
Rxg7 Rb8 33. Bd4 Bb3+ 34. Kd2 Kd5 35. Kc3 Bc4 36. Ne3+ {Black resigns} 1-0

[Event "GambitGuide"]
[Site "Internet Chess Club"]
[Date "2014.10.30"]
[Round "1"]
[White "JSBach"]
[Black "InstantKarma"]
[Result "1-0"]
[ICCResult "Black resigns"]
[WhiteElo "1651"]
[BlackElo "1557"]
[Opening "Vienna: `Frankenstein-Dracula' variation"]
[ECO "C27"]
[NIC "VG.02"]
[Time "17:37:05"]
[TimeControl "120+12"]

1. e4 e5 2. Nc3 Nf6 3. Bc4 Nxe4 4. Qh5 Nd6 5. Bb3 Nc6 6. Nb5 g6 7. Qf3 f5 8.
Qd5 Qe7 9. Nxc7+ Kd8 10. Nxa8 b6 11. Ba4 Nd4 12. f4 Bb7 13. Qxe5 Qxe5+ 14.
fxe5 Nc4 15. d3 b5 16. dxc4 bxa4 17. Bg5+ Kc8 18. O-O-O Bc5 19. Bf6 Rf8 20.
Bg7 Rf7 21. Bf6 Bxa8 22. c3 Nc6 23. Nf3 Nxe5 24. Bxe5 d6 25. Bxd6
{Black resigns}
1-0

[Event "GambitGuide"]
[Site "Internet Chess Club"]
[Date "2014.10.30"]
[Round "1"]
[White "JSBach"]
[Black "ShabShoral"]
[Result "1-0"]
[ICCResult "Black resigns"]
[WhiteElo "1651"]
[BlackElo "1400"]
[Opening "Vienna: `Frankenstein-Dracula' variation"]
[ECO "C27"]
[NIC "VG.02"]
[Time "17:37:17"]
[TimeControl "120+12"]

1. e4 e5 2. Nc3 Nf6 3. Bc4 Nxe4 4. Qh5 Nd6 5. Bb3 Nc6 6. Nb5 g6 7. Qf3 f5 8.
Qd5 Qe7 9. Nxc7+ Kd8 10. Nxa8 b6 11. Ba4 Nd4 12. f4 exf4+ 13. Kf2 Qh4+ 14.
Kf1 Ba6+ 15. d3 f3 16. g3 Qh5 17. Qxd4 f2 18. Qxh8 Qd1+ 19. Kxf2 f4 20.
Qxf8+ {Black resigns} 1-0

[Event "GambitGuide"]
[Site "Internet Chess Club"]
[Date "2014.10.30"]
[Round "1"]
[White "JSBach"]
[Black "fishhead"]
[Result "1-0"]
[ICCResult "Black checkmated"]
[WhiteElo "1651"]
[BlackElo "1597"]
[Opening "Vienna: `Frankenstein-Dracula' variation"]
[ECO "C27"]
[NIC "VG.02"]
[Time "17:37:20"]
[TimeControl "120+12"]

1. e4 e5 2. Nc3 Nf6 3. Bc4 Nxe4 4. Qh5 Nd6 5. Bb3 Nc6 6. Nb5 g6 7. Qf3 f5 8.
Qd5 Qe7 9. Nxc7+ Kd8 10. Nxa8 b6 11. Ba4 Bb7 12. Nxb6 axb6 13. Qb3 b5 14.
Ne2 bxa4 15. Qxa4 Bg7 16. O-O Re8 17. Re1 Qf7 18. d4 exd4 19. Bf4 Ne4 20. f3
Nc5 21. Qb5 Qd5 22. Qb6+ Kc8 23. Qc7# {Black checkmated} 1-0

[Event "GambitGuide"]
[Site "Internet Chess Club"]
[Date "2014.10.30"]
[Round "1"]
[White "JSBach"]
[Black "ShabShoral"]
[Result "1-0"]
[ICCResult "Black resigns"]
[WhiteElo "1651"]
[BlackElo "1400"]
[Opening "Vienna: `Frankenstein-Dracula' variation"]
[ECO "C27"]
[NIC "VG.02"]
[Time "17:38:10"]
[TimeControl "120+12"]

1. e4 e5 2. Nc3 Nf6 3. Bc4 Nxe4 4. Qh5 Nd6 5. Bb3 Nc6 6. Nb5 g6 7. Qf3 f5 8.
Qd5 Qe7 9. Nxc7+ Kd8 10. Nxa8 b6 11. Ba4 Nd4 12. f4 exf4+ 13. Kd1 Bb7 14.
Qxd4 Bxg2 15. Qxh8 Bxh1 16. d3 Bf3+ 17. Nxf3 Qe3 18. Bxe3 {Black resigns}
1-0

[Event "GambitGuide"]
[Site "Internet Chess Club"]
[Date "2014.10.30"]
[Round "1"]
[White "JSBach"]
[Black "gonesailing"]
[Result "1-0"]
[ICCResult "Black checkmated"]
[WhiteElo "1651"]
[BlackElo "1337"]
[Opening "Vienna: `Frankenstein-Dracula' variation"]
[ECO "C27"]
[NIC "VG.02"]
[Time "17:37:22"]
[TimeControl "120+12"]

1. e4 e5 2. Nc3 Nf6 3. Bc4 Nxe4 4. Qh5 Nd6 5. Bb3 Nc6 6. Nb5 g6 7. Qf3 f5 8.
Qd5 Qe7 9. Nxc7+ Kd8 10. Nxa8 b6 11. Ba4 Nd4 12. f4 exf4+ 13. Kd1 Bb7 14.
Qxd4 Bg7 15. Qxf4 Re8 16. Qe3 Qh4 17. Qg3 Qxa4 18. Nxb6 axb6 19. Nf3 Ne4 20.
Qe1 Nc3+ 21. dxc3 Rxe1+ 22. Rxe1 Qg4 23. Be3 Qxg2 24. Bxb6+ Kc8 25. Re8#
{Black checkmated}
1-0

[Event "GambitGuide"]
[Site "Internet Chess Club"]
[Date "2014.10.30"]
[Round "1"]
[White "JSBach"]
[Black "DOXDURAN"]
[Result "0-1"]
[ICCResult "White checkmated"]
[WhiteElo "1651"]
[BlackElo "1629"]
[Opening "Vienna: `Frankenstein-Dracula' variation"]
[ECO "C27"]
[NIC "VG.02"]
[Time "17:31:11"]
[TimeControl "120+12"]

1. e4 e5 2. Nc3 Nf6 3. Bc4 Nxe4 4. Qh5 Nd6 5. Bb3 Nc6 6. Nb5 g6 7. Qf3 f5 8.
Qd5 Qe7 9. Nxc7+ Kd8 10. Nxa8 b6 11. Ba4 Bb7 12. Nxb6 axb6 13. Qb3 b5 14.
Ne2 bxa4 15. Qxa4 Nc8 16. Qb5 d6 17. O-O Bg7 18. f4 e4 19. Re1 Qd7 20. d3
N6e7 21. Qxd7+ Kxd7 22. Ng3 d5 23. Be3 Nd6 24. Bc5 Rc8 25. d4 Ba6 26. Rab1
Nb7 27. b4 Bc4 28. a4 Nxc5 29. dxc5 Kc6 30. Ne2 Rb8 31. c3 Bxe2 32. Rxe2
Bxc3 33. b5+ Kxc5 34. Rc1 d4 35. Kf2 Nd5 36. Kg3 Ra8 37. Ra2 Nb4 38. Raa1
Kd5 39. Rab1 Rxa4 40. Rb3 Ra5 41. Rcxc3 dxc3 42. Rxc3 Rxb5 43. Rc7 Ke6 44.
Rxh7 Kf6 45. Rc7 Rd5 46. h3 Rd6 47. Rc4 Nd5 48. Rd4 Ke6 49. Rc4 Rb6 50. Rd4
Rb3+ 51. Kh2 Nxf4 52. Rd2 Nd5 53. Rc2 Rb6 54. Rc4 e3 55. Rc2 Kf6 56. g3 Re6
57. Rc1 e2 58. Re1 Ne3 59. g4 Nc2 60. Rg1 e1=Q 61. Rxe1 Rxe1 62. gxf5 gxf5
63. h4 Re3 64. Kg2 Kg6 65. Kf2 Ra3 66. Ke2 Kh5 67. Kf2 Kxh4 68. Kg1 Nd4 69.
Kf2 Kg4 70. Ke1 Ra2 71. Kf1 Kf3 72. Ke1 Ke3 73. Kf1 f4 74. Kg1 Kf3 75. Kh1
Kg3 76. Kg1 Ra1# {White checkmated} 0-1

[Event "GambitGuide"]
[Site "Internet Chess Club"]
[Date "2014.10.30"]
[Round "1"]
[White "JSBach"]
[Black "ShabShoral"]
[Result "1-0"]
[ICCResult "Black resigns"]
[WhiteElo "1651"]
[BlackElo "1400"]
[Opening "Vienna: `Frankenstein-Dracula' variation"]
[ECO "C27"]
[NIC "VG.02"]
[Time "17:39:02"]
[TimeControl "120+12"]

1. e4 e5 2. Nc3 Nf6 3. Bc4 Nxe4 4. Qh5 Nd6 5. Bb3 Nc6 6. Nb5 g6 7. Qf3 f5 8.
Qd5 Qe7 9. Nxc7+ Kd8 10. Nxa8 b6 11. Ba4 Nd4 12. f4 exf4+ 13. Kd1 Ne4 14.
Qxd4 Nf2+ 15. Qxf2 {Black resigns} 1-0

[Event "GambitGuide"]
[Site "Internet Chess Club"]
[Date "2014.10.30"]
[Round "1"]
[White "JSBach"]
[Black "kuziyamisa"]
[Result "1-0"]
[ICCResult "Black checkmated"]
[WhiteElo "1651"]
[BlackElo "1310"]
[Opening "Vienna: `Frankenstein-Dracula' variation"]
[ECO "C27"]
[NIC "VG.02"]
[Time "17:37:24"]
[TimeControl "120+12"]

1. e4 e5 2. Nc3 Nf6 3. Bc4 Nxe4 4. Qh5 Nd6 5. Bb3 Nc6 6. Nb5 g6 7. Qf3 f5 8.
Qd5 Qe7 9. Nxc7+ Kd8 10. Nxa8 b6 11. Ba4 Bb7 12. Nxb6 axb6 13. Qb3 Kc7 14.
Ne2 Bh6 15. d3 Bxc1 16. Rxc1 Qg5 17. O-O Rc8 18. f4 exf4 19. Nxf4 Kd8 20.
Rce1 Nd4 21. Qxb6+ Rc7 22. Qxd4 Bxg2 23. Qh8+ Ne8 24. Qxe8# {Black
checkmated} 1-0

[Event "GambitGuide"]
[Site "Internet Chess Club"]
[Date "2014.10.30"]
[Round "1"]
[White "JSBach"]
[Black "InstantKarma"]
[Result "1-0"]
[ICCResult "Black resigns"]
[WhiteElo "1651"]
[BlackElo "1557"]
[Opening "Vienna: `Frankenstein-Dracula' variation"]
[ECO "C27"]
[NIC "VG.02"]
[Time "17:38:49"]
[TimeControl "120+12"]

1. e4 e5 2. Nc3 Nf6 3. Bc4 Nxe4 4. Qh5 Nd6 5. Bb3 Nc6 6. Nb5 g6 7. Qf3 f5 8.
Qd5 Qe7 9. Nxc7+ Kd8 10. Nxa8 b6 11. Ba4 Nd4 12. f4 Bb7 13. Qxe5 Bxg2 14.
Nxb6 axb6 15. c3 Nc6 16. Bxc6 dxc6 17. Ne2 Bxh1 18. Qxh8 Qg7 19. Qxg7 Bxg7
20. d3 Bf3 21. Kf2 Bd5 22. c4 Be6 23. Be3 {Black resigns} 1-0

[Event "GambitGuide"]
[Site "Internet Chess Club"]
[Date "2014.10.30"]
[Round "1"]
[White "JSBach"]
[Black "dnmuscg"]
[Result "0-1"]
[ICCResult "White checkmated"]
[WhiteElo "1651"]
[BlackElo "1659"]
[Opening "Vienna: `Frankenstein-Dracula' variation"]
[ECO "C27"]
[NIC "VG.02"]
[Time "17:38:02"]
[TimeControl "120+12"]

1. e4 e5 2. Nc3 Nf6 3. Bc4 Nxe4 4. Qh5 Nd6 5. Bb3 Nc6 6. Nb5 g6 7. Qf3 f5 8.
Qd5 Qe7 9. Nxc7+ Kd8 10. Nxa8 b6 11. Ba4 Bb7 12. Nxb6 axb6 13. Qb3 Kc7 14.
Ne2 Bg7 15. a3 Nd4 16. Nxd4 exd4+ 17. Kf1 Re8 18. Qe3 dxe3 19. dxe3 Ba6+ 20.
Kg1 Ne4 21. Bb3 Qd6 22. h3 Be5 23. g3 Bxg3 24. Kg2 Bxf2 25. c4 Qg3+ 26. Kf1
Qf3 27. Rh2 Ng3# {White checkmated} 0-1

[Event "GambitGuide"]
[Site "Internet Chess Club"]
[Date "2014.10.30"]
[Round "1"]
[White "JSBach"]
[Black "alpine"]
[Result "1-0"]
[ICCResult "Black checkmated"]
[WhiteElo "1651"]
[BlackElo "1763"]
[Opening "Vienna: `Frankenstein-Dracula' variation"]
[ECO "C27"]
[NIC "VG.02"]
[Time "17:39:12"]
[TimeControl "120+12"]

1. e4 e5 2. Nc3 Nf6 3. Bc4 Nxe4 4. Qh5 Nd6 5. Bb3 Nc6 6. Nb5 g6 7. Qf3 f5 8.
Qd5 Qe7 9. Nxc7+ Kd8 10. Nxa8 b6 11. Ba4 Bb7 12. Nxb6 axb6 13. Qb3 Nc8 14.
Ne2 Na5 15. Qh3 Qg5 16. Ng3 f4 17. Qxd7# {Black checkmated} 1-0

[Event "GambitGuide"]
[Site "Internet Chess Club"]
[Date "2014.10.30"]
[Round "1"]
[White "JSBach"]
[Black "ErnestoRondon"]
[Result "1-0"]
[ICCResult "Black resigns"]
[WhiteElo "1651"]
[BlackElo "2005"]
[Opening "Vienna: `Frankenstein-Dracula' variation"]
[ECO "C27"]
[NIC "VG.02"]
[Time "17:39:04"]
[TimeControl "120+12"]

1. e4 e5 2. Nc3 Nf6 3. Bc4 Nxe4 4. Qh5 Nd6 5. Bb3 Nc6 6. Nb5 g6 7. Qf3 f5 8.
Qd5 Qe7 9. Nxc7+ Kd8 10. Nxa8 b6 11. Ba4 Bb7 12. Nxb6 axb6 13. Qb3 Kc7 14.
Ne2 Bg7 15. Nc3 Nd4 16. Nd5+ Bxd5 17. Qxd5 Qe6 18. Qxe6 dxe6 19. c3 b5 20.
Bd1 Nc6 21. a4 b4 22. Bb3 bxc3 23. dxc3 Re8 24. a5 Kb7 25. a6+ Ka7 26. Be3+
Ka8 27. Rd1 Nb5 28. Rd7 Bf8 29. Ba4 Nca7 30. Rxa7+ Nxa7 31. Bxe8 {Black
resigns} 1-0

[Event "GambitGuide"]
[Site "Internet Chess Club"]
[Date "2014.10.30"]
[Round "1"]
[White "JSBach"]
[Black "ilushan"]
[Result "1-0"]
[ICCResult "Black resigns"]
[WhiteElo "1651"]
[BlackElo "1546"]
[Opening "Vienna: `Frankenstein-Dracula' variation"]
[ECO "C27"]
[NIC "VG.02"]
[Time "17:38:49"]
[TimeControl "120+12"]

1. e4 e5 2. Nc3 Nf6 3. Bc4 Nxe4 4. Qh5 Nd6 5. Bb3 Nc6 6. Nb5 g6 7. Qf3 f5 8.
Qd5 Qe7 9. Nxc7+ Kd8 10. Nxa8 b6 11. Ba4 Bb7 12. Nxb6 axb6 13. Qb3 Kc7 14.
Ne2 Bg7 15. Nc3 Nd4 16. Nd5+ Bxd5 17. Qxd5 Qe6 18. Qxe6 Nxe6 19. Bb3 Nc5 20.
Bd5 e4 21. h4 Re8 22. Rb1 Nb5 23. h5 Nd4 24. b4 Nce6 25. hxg6 hxg6 26. Kd1
Kd6 27. Bxe6 Nxe6 28. Bb2 Bxb2 29. Rxb2 Rc8 30. Rb3 Nd4 31. Rc3 Rxc3 32.
dxc3 Nb5 33. Kd2 Ke5 34. Rh6 {Black resigns} 1-0

[Event "GambitGuide"]
[Site "Internet Chess Club"]
[Date "2014.10.30"]
[Round "1"]
[White "JSBach"]
[Black "jbr3006"]
[Result "1-0"]
[ICCResult "Black checkmated"]
[WhiteElo "1651"]
[BlackElo "1661"]
[Opening "Vienna: `Frankenstein-Dracula' variation"]
[ECO "C27"]
[NIC "VG.02"]
[Time "17:38:26"]
[TimeControl "120+12"]

1. e4 e5 2. Nc3 Nf6 3. Bc4 Nxe4 4. Qh5 Nd6 5. Bb3 Nc6 6. Nb5 g6 7. Qf3 f5 8.
Qd5 Qe7 9. Nxc7+ Kd8 10. Nxa8 b6 11. Ba4 Bb7 12. Nxb6 axb6 13. Qb3 Kc7 14.
Ne2 Bg7 15. a3 Na5 16. Qg3 Rf8 17. d3 Bc6 18. Bxc6 Nxc6 19. Bg5 Qf7 20. Qh4
e4 21. Bc1 exd3 22. cxd3 Re8 23. Kf1 Qe7 24. Qxe7 Rxe7 25. Nc3 Ne5 26. Nd5+
Kd8 27. Nxe7 Kxe7 28. Bg5+ Kf7 29. Ke2 h6 30. Be3 Ng4 31. Bxb6 Bxb2 32. Ra2
Be5 33. h3 Nf6 34. a4 Nd5 35. Ba5 Nb7 36. Bd2 Nc7 37. Rb1 Nc5 38. Bxh6 N7a6
39. h4 Kf6 40. Rb6+ Ke7 41. Rxg6 d5 42. Bg5+ Kf7 43. Rb6 Bd4 44. Be3 Bxe3
45. fxe3 Kg7 46. d4 Ne4 47. Rc2 Ng3+ 48. Kf3 Nh5 49. a5 Nf6 50. Rcc6 Ne4 51.
Rb7+ Kf8 52. Rc8# {Black checkmated} 1-0

[Event "GambitGuide"]
[Site "Internet Chess Club"]
[Date "2014.10.30"]
[Round "1"]
[White "JSBach"]
[Black "Muravey"]
[Result "0-1"]
[ICCResult "White checkmated"]
[WhiteElo "1651"]
[BlackElo "1841"]
[Opening "Vienna: `Frankenstein-Dracula' variation"]
[ECO "C27"]
[NIC "VG.02"]
[Time "17:36:55"]
[TimeControl "120+12"]

1. e4 e5 2. Nc3 Nf6 3. Bc4 Nxe4 4. Qh5 Nd6 5. Bb3 Nc6 6. Nb5 g6 7. Qf3 f5 8.
Qd5 Qe7 9. Nxc7+ Kd8 10. Nxa8 b6 11. Ba4 Bb7 12. Nxb6 axb6 13. Qb3 Nc8 14.
Nf3 e4 15. Ng1 Bg7 16. Bb5 Nd4 17. Qa4 Nd6 18. c4 e3 19. dxe3 Bxg2 20. Qa6
Bxh1 21. Qxb6+ Ke8 22. Kf1 N4xb5 23. cxb5 Bd5 24. Ne2 Bc4 25. a4 Qe4 26. Kg1
Bxe2 27. Qxd6 Be5 28. f3 Bxf3 29. Qd2 Qg4+ 30. Kf1 Qh3+ 31. Kg1 Ke7 32. b6
Rb8 33. a5 f4 34. Ra3 Rc8 35. Rc3 fxe3 36. Qc2 Bxc3 37. bxc3 Rxc3 38. Ba3+
Rxa3 39. Qc5+ Kf7 40. Qc4+ Kg7 41. Qd4+ Kg8 42. Qc4+ Qe6 43. Qc8+ Kg7 44. h4
Qg4+ 45. Kf1 Qg2+ 46. Ke1 Qe2# {White checkmated} 0-1

[Event "GambitGuide"]
[Site "Internet Chess Club"]
[Date "2014.10.30"]
[Round "1"]
[White "JSBach"]
[Black "PazificDreams"]
[Result "1-0"]
[ICCResult "Black checkmated"]
[WhiteElo "1651"]
[BlackElo "2724"]
[Opening "Vienna: `Frankenstein-Dracula' variation"]
[ECO "C27"]
[NIC "VG.02"]
[Time "17:38:18"]
[TimeControl "120+12"]

1. e4 e5 2. Nc3 Nf6 3. Bc4 Nxe4 4. Qh5 Nd6 5. Bb3 Nc6 6. Nb5 g6 7. Qf3 f5 8.
Qd5 Qe7 9. Nxc7+ Kd8 10. Nxa8 b6 11. Ba4 Bb7 12. Nxb6 axb6 13. Qb3 Kc7 14.
Nf3 Bg7 15. d3 Bf6 16. Be3 Nc8 17. Qb5 d5 18. Rd1 d4 19. Bd2 Nd6 20. Qb3 e4
21. dxe4 fxe4 22. Ng1 Na5 23. Bxa5 bxa5 24. Ne2 e3 25. Nxd4 Bxg2 26. Ne6+
Kc8 27. Rg1 Bh3 28. Qxe3 Bxe6 29. Qc5+ Kb8 30. Qxd6+ Kc8 31. Qa6+ Kb8 32.
Qb6+ Kc8 33. Qe3 Bxb2 34. Rg4 Qf6 35. Qc5+ Kb8 36. Qb6+ Kc8 37. Rc4+ Bxc4
38. Bd7# {Black checkmated} 1-0

[Event "GambitGuide"]
[Site "Internet Chess Club"]
[Date "2014.10.30"]
[Round "1"]
[White "JSBach"]
[Black "ErnestoRondon"]
[Result "1-0"]
[ICCResult "Black resigns"]
[WhiteElo "1651"]
[BlackElo "2005"]
[Opening "Vienna: `Frankenstein-Dracula' variation"]
[ECO "C27"]
[NIC "VG.02"]
[Time "17:40:12"]
[TimeControl "120+12"]

1. e4 e5 2. Nc3 Nf6 3. Bc4 Nxe4 4. Qh5 Nd6 5. Bb3 Nc6 6. Nb5 g6 7. Qf3 f5 8.
Qd5 Qe7 9. Nxc7+ Kd8 10. Nxa8 b6 11. Ba4 Bb7 12. Nxb6 axb6 13. Qb3 b5 14.
Nf3 bxa4 15. Qxa4 Kc7 16. O-O e4 17. Nd4 Nxd4 18. Qxd4 Rg8 19. Re1 Bg7 20.
Qc5+ Bc6 21. d4 Nc8 22. Qc4 d5 23. Bf4+ Kd7 24. Qc3 Nd6 25. a4 Rc8 26. Qc5
Nc4 27. Qa7+ Ke6 28. Qa6 Bxd4 29. Qxc8+ Bd7 30. Qg8+ Qf7 31. Qxf7+ Kxf7 32.
c3 Be5 33. Bxe5 Nxe5 34. b4 {Black resigns} 1-0

[Event "GambitGuide"]
[Site "Internet Chess Club"]
[Date "2014.10.30"]
[Round "1"]
[White "JSBach"]
[Black "DOXDURAN"]
[Result "1-0"]
[ICCResult "Black checkmated"]
[WhiteElo "1651"]
[BlackElo "1629"]
[Opening "Vienna: `Frankenstein-Dracula' variation"]
[ECO "C27"]
[NIC "VG.02"]
[Time "17:39:32"]
[TimeControl "120+12"]

1. e4 e5 2. Nc3 Nf6 3. Bc4 Nxe4 4. Qh5 Nd6 5. Bb3 Nc6 6. Nb5 g6 7. Qf3 f5 8.
Qd5 Qe7 9. Nxc7+ Kd8 10. Nxa8 b6 11. Ba4 Bb7 12. Nxb6 axb6 13. Qb3 b5 14.
Ne2 bxa4 15. Qxa4 Bg7 16. O-O Nc8 17. Qb3 d6 18. f4 e4 19. Re1 Nd4 20. Qa4
Nxe2+ 21. Rxe2 Qd7 22. Qb4 d5 23. d3 Re8 24. Bd2 Qe7 25. Qb5 Qd7 26. Qc5 Bf8
27. Ba5+ Nb6 28. Bxb6+ Qc7 29. Qxc7# {Black checkmated} 1-0

[Event "GambitGuide"]
[Site "Internet Chess Club"]
[Date "2014.10.30"]
[Round "1"]
[White "JSBach"]
[Black "alpine"]
[Result "1-0"]
[ICCResult "Black resigns"]
[WhiteElo "1651"]
[BlackElo "1763"]
[Opening "Vienna: `Frankenstein-Dracula' variation"]
[ECO "C27"]
[NIC "VG.02"]
[Time "17:40:47"]
[TimeControl "120+12"]

1. e4 e5 2. Nc3 Nf6 3. Bc4 Nxe4 4. Qh5 Nd6 5. Bb3 Nc6 6. Nb5 g6 7. Qf3 f5 8.
Qd5 Qe7 9. Nxc7+ Kd8 10. Nxa8 b6 11. Ba4 Bh6 12. Bxc6 dxc6 13. Qf3 Bb7 14.
Qh3 Bg5 15. Nxb6 axb6 16. d3 c5 17. Bxg5 Qxg5 18. Nf3 e4 19. Nxg5
{Black resigns}
1-0

[Event "GambitGuide"]
[Site "Internet Chess Club"]
[Date "2014.10.30"]
[Round "1"]
[White "JSBach"]
[Black "dnmuscg"]
[Result "0-1"]
[ICCResult "White checkmated"]
[WhiteElo "1651"]
[BlackElo "1659"]
[Opening "Vienna: `Frankenstein-Dracula' variation"]
[ECO "C27"]
[NIC "VG.02"]
[Time "17:40:10"]
[TimeControl "120+12"]

1. e4 e5 2. Nc3 Nf6 3. Bc4 Nxe4 4. Qh5 Nd6 5. Bb3 Nc6 6. Nb5 g6 7. Qf3 f5 8.
Qd5 Qe7 9. Nxc7+ Kd8 10. Nxa8 b6 11. Ba4 Bb7 12. Nxb6 axb6 13. Qb3 Kc7 14.
Ne2 Nd4 15. Nxd4 exd4+ 16. Kf1 Bg7 17. Qb4 Re8 18. Qxd6+ Qxd6 19. c4 dxc3
20. Bb5 cxd2 21. Bxd2 Qxd2 22. Rb1 Bxb2 23. Rg1 Bd4 24. Bc4 Qxf2#
{White checkmated}
0-1

[Event "GambitGuide"]
[Site "Internet Chess Club"]
[Date "2014.10.30"]
[Round "1"]
[White "JSBach"]
[Black "ShabShoral"]
[Result "1-0"]
[ICCResult "Black resigns"]
[WhiteElo "1651"]
[BlackElo "1400"]
[Opening "Vienna: `Frankenstein-Dracula' variation"]
[ECO "C27"]
[NIC "VG.02"]
[Time "17:40:00"]
[TimeControl "120+12"]

1. e4 e5 2. Nc3 Nf6 3. Bc4 Nxe4 4. Qh5 Nd6 5. Bb3 Nc6 6. Nb5 g6 7. Qf3 f5 8.
Qd5 Qe7 9. Nxc7+ Kd8 10. Nxa8 b6 11. Ba4 Nd4 12. f4 exf4+ 13. Kd1 Bg7 14. g4
fxg4 15. Nxb6 Bb7 16. Qxb7 Nxb7 17. Bxd7 f3 18. Bxg4 f2 19. Nh3 Qh4 20. Nxf2
Qxf2 21. Nd5 Re8 22. Ne3 Nc5 23. c3 Nf3 24. Rf1 Qh4 25. Bxf3 Qf4 26. Bc6 Ne4
27. Rxf4 {Black resigns} 1-0

[Event "GambitGuide"]
[Site "Internet Chess Club"]
[Date "2014.10.30"]
[Round "1"]
[White "JSBach"]
[Black "fishhead"]
[Result "1-0"]
[ICCResult "Black resigns"]
[WhiteElo "1651"]
[BlackElo "1597"]
[Opening "Vienna: `Frankenstein-Dracula' variation"]
[ECO "C27"]
[NIC "VG.02"]
[Time "17:38:22"]
[TimeControl "120+12"]

1. e4 e5 2. Nc3 Nf6 3. Bc4 Nxe4 4. Qh5 Nd6 5. Bb3 Nc6 6. Nb5 g6 7. Qf3 f5 8.
Qd5 Qe7 9. Nxc7+ Kd8 10. Nxa8 b6 11. Ba4 Bb7 12. Nxb6 axb6 13. Qb3 b5 14.
Nf3 bxa4 15. Qxa4 Bg7 16. O-O Nf7 17. Qb5 Bc8 18. Re1 Qd6 19. Qc4 Rf8 20.
Qh4+ Kc7 21. Qxh7 Qf6 22. Qh4 d5 23. Qxf6 Bxf6 24. b3 e4 25. Rb1 exf3 26.
Ba3 Rd8 27. g3 Nce5 28. Bc5 g5 29. d4 Nd7 30. h3 g4 31. h4 Nxc5 32. dxc5 Be5
33. a4 Bc3 34. Re7+ Rd7 35. Re8 Ba6 36. h5 Ne5 37. b4 Be2 38. Rb3 d4 39.
Rxe5 d3 40. Rxc3 d2 41. Kh2 d1=Q 42. c6 Rh7 43. Rxf5 Qd4 44. Re3 Kxc6 45. c3
Qd6 46. Rfe5 Rh6 47. a5 Ba6 48. Rc5+ Kb7 49. Rce5 Bb5 50. Rxb5+ Kc6 51. Rb6+
Kc7 52. Rxd6 Kxd6 53. a6 Rxh5+ 54. Kg1 Rh7 55. c4 Ra7 56. b5 Kc5 57. Re4 Rd7
58. Rxg4 Rd1+ 59. Kh2 Rf1 60. Rg5+ Kxc4 61. b6 Rxf2+ 62. Kh3 Rb2 63. b7 f2
64. Rf5 Rb6 65. Rxf2 Rxa6 66. b8=Q {Black resigns} 1-0

[Event "GambitGuide"]
[Site "Internet Chess Club"]
[Date "2014.10.30"]
[Round "1"]
[White "JSBach"]
[Black "InstantKarma"]
[Result "1-0"]
[ICCResult "Black resigns"]
[WhiteElo "1651"]
[BlackElo "1557"]
[Opening "Vienna: `Frankenstein-Dracula' variation"]
[ECO "C27"]
[NIC "VG.02"]
[Time "17:41:31"]
[TimeControl "120+12"]

1. e4 e5 2. Nc3 Nf6 3. Bc4 Nxe4 4. Qh5 Nd6 5. Bb3 Nc6 6. Nb5 g6 7. Qf3 f5 8.
Qd5 Qe7 9. Nxc7+ Kd8 10. Nxa8 b6 11. Ba4 Nd4 12. f4 Bb7 13. Qxe5 Bxg2 14.
Nxb6 axb6 15. c3 Qh4+ 16. Kd1 Qg4+ 17. Ke1 Nf3+ 18. Nxf3 Qxf3 19. Qxh8 Qe4+
20. Kf2 Qf3+ 21. Ke1 Bxh1 22. Qxf8+ Ne8 23. Qb4 Bg2 24. Qxb6+ Ke7 25. Qe3+
Qxe3+ 26. dxe3 {Black resigns} 1-0

[Event "GambitGuide"]
[Site "Internet Chess Club"]
[Date "2014.10.30"]
[Round "1"]
[White "JSBach"]
[Black "TravisMcGee"]
[Result "1/2-1/2"]
[ICCResult "Game drawn by repetition"]
[WhiteElo "1651"]
[BlackElo "1533"]
[Opening "Vienna: `Frankenstein-Dracula' variation"]
[ECO "C27"]
[NIC "VG.02"]
[Time "17:40:24"]
[TimeControl "120+12"]

1. e4 e5 2. Nc3 Nf6 3. Bc4 Nxe4 4. Qh5 Nd6 5. Bb3 Nc6 6. Nb5 g6 7. Qf3 f5 8.
Qd5 Qe7 9. Nxc7+ Kd8 10. Nxa8 b6 11. Ba4 Nb4 12. Qb3 Ne4 13. a3 Na6 14. Qd5
Nac5 15. Qc4 Nd6 16. Qb4 Na6 17. Qb3 Nc5 18. Qb4 Na6 19. Qb3 Nc5 20. Qb4
{Game drawn by repetition}
1/2-1/2

[Event "GambitGuide"]
[Site "Internet Chess Club"]
[Date "2014.10.30"]
[Round "1"]
[White "JSBach"]
[Black "alpine"]
[Result "1-0"]
[ICCResult "Black resigns"]
[WhiteElo "1651"]
[BlackElo "1763"]
[Opening "Vienna: `Frankenstein-Dracula' variation"]
[ECO "C27"]
[NIC "VG.02"]
[Time "17:41:22"]
[TimeControl "120+12"]

1. e4 e5 2. Nc3 Nf6 3. Bc4 Nxe4 4. Qh5 Nd6 5. Bb3 Nc6 6. Nb5 g6 7. Qf3 f5 8.
Qd5 Qe7 9. Nxc7+ Kd8 10. Nxa8 b6 11. Ba4 b5 12. Bxb5 Nb4 13. Qc5 Ne4 14.
Qc7+ Ke8 15. Qxc8+ Kf7 16. Qc7 Qc5 17. Bc4+ Kf6 18. Ke2 Bd6 19. Qxc5 Bxc5
20. d3 Nd6 21. Nc7 Nxc2 22. Nd5+ Kg7 23. Rb1 Nd4+ 24. Ke1 e4 25. b4 Nc2+ 26.
Kd2 Nxc4+ 27. dxc4 Bxf2 28. Kxc2 {Black resigns} 1-0

[Event "GambitGuide"]
[Site "Internet Chess Club"]
[Date "2014.10.30"]
[Round "1"]
[White "JSBach"]
[Black "fishhead"]
[Result "1-0"]
[ICCResult "Black checkmated"]
[WhiteElo "1651"]
[BlackElo "1597"]
[Opening "Vienna: `Frankenstein-Dracula' variation"]
[ECO "C27"]
[NIC "VG.02"]
[Time "17:41:46"]
[TimeControl "120+12"]

1. e4 e5 2. Nc3 Nf6 3. Bc4 Nxe4 4. Qh5 Nd6 5. Bb3 Nc6 6. Nb5 g6 7. Qf3 f5 8.
Qd5 Qe7 9. Nxc7+ Kd8 10. Nxa8 b6 11. Ba4 Bb7 12. Nxb6 axb6 13. Qb3 b5 14.
Nf3 bxa4 15. Qxa4 Bg7 16. O-O Nf7 17. Qb5 Bc8 18. Re1 Qd6 19. c3 Re8 20. d4
e4 21. Ng5 Nxg5 22. Bxg5+ Bf6 23. Bxf6+ Qxf6 24. d5 Ne5 25. Re3 d6 26. Rae1
Bd7 27. Qa6 Ke7 28. f3 exf3 29. gxf3 f4 30. Re4 Bf5 31. Rb4 Qg5+ 32. Kh1 Qh5
33. Rxf4 Kf8 34. Qxd6+ Kg8 35. Rxe5 Qh3 36. Rxe8+ Kg7 37. Qf8#
{Black checkmated}
1-0